Construct Section Command Post
Selects Canadian Shock Battlegroup
Selects Canadian Shock Section
Construct Platoon Command Post
Selects Incendiary Munitions
Unlock Bishop Self-propelled Artillery
Bishop Self-propelled Artillery
Construct Field Infirmary
Bishop Self-propelled Artillery
6-pounder Anti-tank Gun Team
6-pounder Anti-tank Gun Team
Construct Company Command Post
Selects Churchill Crocodile Heavy Tank
Unlock Towed 17-pounder Anti-tank Guns
17-pounder Anti-tank Gun Team